 Dungeon Crawl Stone Soup version 0.31.0-4-g52a2dc7128 (webtiles) character file.

Game seed: 7628149948193114719

2900870 ExZ the Conqueror (level 27, 273/273 HPs)
             Began as an Armataur Monk on Jan 21, 2024.
             Was an Initiate of Gozag.
             Escaped with the Orb
             ... and 5 runes on Jan 23, 2024!
             The game lasted 05:10:09 (80658 turns).

ExZ the Conqueror (Armataur Monk)                  Turns: 80658, Time: 05:10:10

Health: 273/273    AC: 53    Str: 28      XL:     27
Magic:  18/18      EV: 16    Int:  7 (9)  God:    Gozag
Gold:   5398       SH: 32    Dex: 19      Spells: 26/26 levels left

rFire   + + .        z - +7 demon trident (heavy)
rCold   + + +        e - +8 tower shield {reflect}
rNeg    . . .        E - +15 plate armour of Eternal Night {rPois rF++ rCorr Stlth-}
rPois   +            K - +2 hat
rElec   +            u - +1 cloak of Starlight {*Dazzle EV+4 Stlth--}
rCorr   +            C - +2 pair of gloves {hurl}
SInv    +            U - +3 barding of the Arcane {rElec Regen+ Int-4 SInv}
Will    ++++.        V - amulet of Ascent {rF+ rC+ Regen+ Str+3} Stlth
                     k - ring of Qenky {rElec rC+ rCorr Str-2 Slay+6}
HPRegen 2.25/turn    I - ring of Fyosi {rF- rC+ Will++ Dex+5}
MPRegen 0.16/turn

%: reflection, roll
@: no status effects
A: large, deformed body, tough skin 3, armoured tail, roll 2, stinger 2,
iridescent scales 1, low MP 2, subdued magic 1, MP-powered wands
0: Orb of Zot
}: 5/15 runes: serpentine, barnacled, slimy, silver, abyssal
a: Renounce Religion, Potion Petition, Call Merchant, Bribe Branch


You escaped.
You worshipped Gozag.
Gozag was greatly pleased with you.
You visited 12 branches of the dungeon, and saw 56 of its levels.
You visited the Abyss 1 time.
You visited 1 bazaar.
You also visited: Bailey, Ice Cave, Volcano and Desolation.

You collected 36472 gold pieces.
You spent 12507 gold pieces at shops.
You paid 18567 gold pieces to Gozag.

Inventory:

Hand Weapons
 d - a +3 morningstar of holy wrath
 o - a +8 morningstar of venom
 z - a +7 heavy demon trident (weapon)
Armour
 e - a +8 tower shield of reflection (worn)
 u - the +1 cloak of Starlight (worn) {*Dazzle EV+4 Stlth--}
   (You found it on level 5 of the Pits of Slime)

   *Dazzle:   It may blind those who miss an attack against the wearer in melee
   combat.
   EV+4:      It affects your evasion (+4).
   Stlth--:   It makes you much less stealthy.
 C - a +2 pair of gloves of hurling (worn)
 E - the +15 plate armour of Eternal Night (worn) {rPois rF++ rCorr Stlth-}
   (You found it on level 5 of the Vaults)

   rF++:      It greatly protects you from fire.
   rPois:     It protects you from poison rCorr: It protects you from acid and
   corrosion.
   Stlth-:    It makes you less stealthy.
 K - a +2 hat (worn)
 U - the +3 barding of the Arcane (worn) {rElec Regen+ Int-4 SInv}
   (You acquired it on level 4 of the Vaults)

   Int-4:     It affects your intelligence (-4).
   rElec:     It insulates you from electricity.
   SInv:      It lets you see invisible.
   Regen+:    It increases your rate of health regeneration.
Jewellery
 h - a ring of fire
 k - the ring of Qenky (left hand) {rElec rC+ rCorr Str-2 Slay+6}
   (You found it on level 5 of the Vaults)

   [ring of protection from cold]

   Str-2:     It affects your strength (-2).
   Slay+6:    It affects your accuracy & damage with ranged weapons and melee
   (+6).
   rC+:       It protects you from cold.
   rElec:     It insulates you from electricity.
   rCorr:     It protects you from acid and corrosion.
 I - the ring of Fyosi (right hand) {rF- rC+ Will++ Dex+5}
   (You found it on level 5 of the Lair of Beasts)

   [ring of protection from cold]

   Dex+5:     It affects your dexterity (+5).
   rF-:       It makes you vulnerable to fire.
   rC+:       It protects you from cold.
   Will++:    It greatly increases your willpower.
 T - the ring of Lilacs {rF+ rC+ rN+ Str+3 Stlth+}
   (You took it off a burial acolyte on level 3 of the Crypt)

   [ring of positive energy]

   Str+3:     It affects your strength (+3).
   rF+:       It protects you from fire.
   rC+:       It protects you from cold.
   rN+:       It protects you from negative energy.
   Stlth+:    It makes you more stealthy.
 V - the amulet of Ascent (around neck) {rF+ rC+ Regen+ Str+3}
   (You found it on level 3 of the Crypt)

   [amulet of regeneration]

   Str+3:     It affects your strength (+3).
   rF+:       It protects you from fire.
   rC+:       It protects you from cold.
   Regen+:    It increases your rate of health regeneration.
Wands
 q - a wand of paralysis (38)
 s - a wand of mindburst (20)
 t - a wand of light (33)
 w - a wand of iceblast (10) (quivered)
 H - a wand of digging (10)
Scrolls
 f - 5 scrolls of vulnerability
 l - 9 scrolls of teleportation
 m - a scroll of blinking
 y - 5 scrolls of fear
 M - 6 scrolls of fog
 N - 5 scrolls of silence
 O - a scroll of amnesia
 P - 2 scrolls of revelation
 S - 9 scrolls of immolation
 W - 3 scrolls of summoning
 Z - a scroll of enchant armour
Potions
 a - 5 potions of enlightenment
 b - a potion of brilliance
 c - 3 potions of ambrosia
 i - 4 potions of haste
 j - 13 potions of curing
 p - a potion of cancellation
 r - 8 potions of heal wounds
 v - 3 potions of resistance
 A - 8 potions of attraction
 B - 6 potions of berserk rage
 D - 12 potions of lignification
 G - 4 potions of invisibility
 L - 6 potions of might
 Q - a potion of mutation
 Y - 7 potions of magic
Miscellaneous
 g - a sack of spiders
 n - a phantom mirror
 x - the horn of Geryon
 F - a condenser vane


   Skills:
 O Level 27 Fighting
 - Level 2.3 Long Blades
 - Level 20.0 Maces & Flails
 - Level 14.0 Polearms
 - Level 20.0 Armour
 + Level 15.5 Dodging
 - Level 22.0 Shields
 * Level 18.6 Evocations


You had 26 spell levels left.
You didn't know any spells.
Your spell library contained the following spells:

 Spells                   Type           Power      Damage    Failure   Level
 Apportation              Tloc           0%         N/A       95%         1
 Foxfire                  Conj/Fire      0%         2x1d4     95%         1
 Freeze                   Ice            0%         1d3       95%         1
 Magic Dart               Conj           0%         1d3       95%         1
 Necrotise                Necr           0%         1d4       95%         1
 Sandblast                Erth           0%         2d4       95%         1
 Sting                    Conj/Alch      0%         1d3       95%         1
 Blink                    Tloc           0%         N/A       99%         2
 Call Imp                 Summ           0%         N/A       99%         2
 Cigotuvi's Dreadful Rot  Necr/Alch/Air  0%         N/A       99%         2
 Ensorcelled Hibernation  Hex/Ice        0%         N/A       99%         2
 Jinxbite                 Hex            0%         N/A       99%         2
 Lesser Beckoning         Tloc           0%         N/A       99%         2
 Mercury Vapours          Alch/Air       0%         N/A       99%         2
 Momentum Strike          Conj/Tloc      0%         3d8       99%         2
 Searing Ray              Conj           0%         2d4       99%         2
 Static Discharge         Conj/Air       0%         3-3/arc   99%         2
 Call Canine Familiar     Summ           0%         N/A       100%        3
 Dazzling Flash           Conj/Hex       0%         N/A       100%        3
 Frozen Ramparts          Ice            0%         1d1       100%        3
 Fugue of the Fallen      Necr           0%         N/A       100%        3
 Gell's Gravitas          Tloc           0%         N/A       100%        3
 Hailstorm                Conj/Ice       0%         3d5       100%        3
 Mephitic Cloud           Conj/Alch/Air  0%         N/A       100%        3
 Ozocubu's Armour         Ice            0%         N/A       100%        3
 Passwall                 Erth           0%         N/A       100%        3
 Sigil of Binding         Hex            0%         N/A       100%        3
 Stone Arrow              Conj/Erth      0%         3d7       100%        3
 Summon Ice Beast         Ice/Summ       0%         N/A       100%        3
 Teleport Other           Tloc           0%         N/A       100%        3
 Vampiric Draining        Necr           0%         2d6       100%        3
 Volatile Blastmotes      Fire/Tloc      0%         2d10      100%        3
 Airstrike                Air            0%         2d(0-16)  100%        4
 Anguish                  Hex/Necr       0%         N/A       100%        4
 Animate Armour           Summ/Erth      0%         N/A       100%        4
 Brom's Barrelling Bould  Conj/Erth      0%         2d3       100%        4
 Cause Fear               Hex            0%         N/A       100%        4
 Dimensional Bullseye     Hex/Tloc       0%         N/A       100%        4
 Flame Wave               Conj/Fire      0%         2d4       100%        4
 Fulminant Prism          Conj/Alch      0%         3d5       100%        4
 Ignite Poison            Fire/Alch      0%         N/A       100%        4
 Iskenderun's Mystic Bla  Conj/Tloc      0%         2d3       100%        4
 Leda's Liquefaction      Alch/Erth      0%         N/A       100%        4
 Manifold Assault         Tloc           0%         N/A       100%        4
 Martyr's Knell           Necr/Summ      0%         N/A       100%        4
 Olgreb's Toxic Radiance  Alch           0%         N/A       100%        4
 Sticky Flame             Fire/Alch      0%         2d4       100%        4
 Summon Blazeheart Golem  Fire/Summ      0%         N/A       100%        4
 Summon Lightning Spire   Summ/Air       0%         N/A       100%        4
 Alistair's Intoxication  Alch           0%         N/A       100%        5
 Borgnjor's Vile Clutch   Necr/Erth      0%         N/A       100%        5
 Curse of Agony           Necr           0%         N/A       100%        5
 Fireball                 Conj/Fire      0%         3d3       100%        5
 Freezing Cloud           Conj/Ice/Air   0%         6-21      100%        5
 Irradiate                Conj/Alch      0%         3d11      100%        5
 Iskenderun's Battlesphe  Conj           0%         2d6       100%        5
 Silence                  Hex/Air        0%         N/A       100%        5
 Summon Forest            Summ/Tloc      0%         N/A       100%        5
 Yara's Violent Unravell  Hex/Alch       0%         3d3       100%        5
 Bombard                  Conj/Erth      0%         9d1       100%        6
 Conjure Ball Lightning   Conj/Air       0%         3x3d6     100%        6
 Death Channel            Necr           0%         N/A       100%        6
 Dispersal                Tloc           0%         N/A       100%        6
 Eringya's Noxious Bog    Alch           0%         4d6       100%        6
 Sculpt Simulacrum        Ice/Alch       0%         N/A       100%        6
 Starburst                Conj/Fire      0%         6d3       100%        6
 Haunt                    Necr/Summ      0%         N/A       100%        7
 Malign Gateway           Summ/Tloc      0%         N/A       100%        7
 Orb of Destruction       Conj           0%         9d5       100%        7
 Ozocubu's Refrigeration  Ice            0%         4d7       100%        7
 Spellforged Servitor     Conj/Summ      0%         N/A       100%        7
 Summon Hydra             Summ           0%         N/A       100%        7
 Borgnjor's Revivificati  Necr           0%         N/A       100%        8
 Discord                  Hex            0%         N/A       100%        8
 Disjunction              Tloc           0%         N/A       100%        8
 Lehudib's Crystal Spear  Conj/Erth      0%         10d2      100%        8
 Summon Horrible Things   Summ           0%         N/A       100%        8
 Chain Lightning          Conj/Air       0%         N/A       100%        9
 Death's Door             Necr           0%         N/A       100%        9
 Dragon's Call            Summ           0%         N/A       100%        9
 Polar Vortex             Ice            0%         N/A       100%        9
 Animate Dead             Necr           Unusable   N/A       N/A         4

Dungeon Overview and Level Annotations

Branches:
Dungeon (15/15)            Temple (0/1) D:5            Lair (5/5) D:8
 Shoals (4/4) Lair:2        Snake (4/4) Lair:2        Slime (5/5) Lair:5
    Orc (2/2) D:12            Elf (3/3) Orc:2        Vaults (5/5) D:13
  Crypt (3/3) Vaults:2       Tomb (0/3) Crypt:3      Depths (4/4) D:15
   Hell (visited)             Dis (0/7) Hell            Geh (0/7) Hell
    Coc (0/7) Hell            Tar (0/7) Hell            Zot (5/5) Depths:4
 Bailey (visited)           IceCv (visited)         Volcano (visited)
Desolation (visited)

Altars:
Cheibriados
Dithmenos
Elyvilon
Gozag
Makhleb
Qazlal
Ru
Uskayaw
Vehumet
Wu Jian
Yredelemnul
Zin
The Shining One
Jiyva
Lugonu

Shops:
D:1 (   D:2 ?   D:11 [   D:15 (   Orc:1 (   Orc:2 [!([   Elf:3 [[[(*
Lair:1 *=(([(=((   Shoals:3 *   Depths:1 !   Depths:4 ?

Portals:
Hell: Depths:1 Depths:2 Depths:3 Depths:4
Abyss: Lair:5 Depths:3 Depths:4
Pandemonium: Depths:2
Ziggurat: Depths:2
Trove: Vaults:2 (give +3 fire dragon scales)

Annotations:
D:13 Agnes
Shoals:3 3 runed translucent doors, thechecker02's ghost, adept GnFi
Elf:1 20 runed translucent doors
Zot:2 4 transporters


Innate Abilities, Weirdness & Mutations

Armour fits poorly on your strangely shaped body.
You have extremely tough skin. (AC +3)
You have a long armoured tail.
You regenerate magic and health when rolling toward enemies. (Rampage Regen)
Your tail ends in a sharp venomous barb.
You are partially covered in iridescent scales. (AC +2)
Your magical capacity is very low. (-20% MP)
Your spells are a little easier to cast, but a little less powerful.
You expend magic power (3 MP) to strengthen your wands.


Message History

You completely miss the Orb Guardian.
The Orb Guardian is severely wounded.
You block the Orb Guardian's attack.
A cacodemon and 2 orange demons come into view.
You closely miss the Orb Guardian.
The Orb Guardian is severely wounded.
The orange demon screeches! x2
You block the Orb Guardian's attack.
You skewer the Orb Guardian like a kebab!!!
You kill the Orb Guardian!
Unknown command.
A sixfirhy comes into view.
The orange demon is distracted by your dazzling golden aura.
There is a stone staircase leading up here.
Unknown command.
Unknown command.
Unknown command.
The sixfirhy is distracted by your dazzling golden aura.
You climb upwards.
There is a stone staircase leading down here.
Unknown command.
Unknown command.
There is a stone staircase leading up here.
Unknown command.
You climb upwards.
There is a stone staircase leading down, spattered with blood here.
Things that are here:
4 stones; a +0 dagger Unknown command.
There is an escape hatch in the ceiling here.
A mysterious force pulls you upwards. The hatch slams shut behind you.
Unknown command.
Unknown command.
There is a stone staircase leading up here.
You climb upwards.
There is a stone staircase leading down here.
You see here a +0 club.
There is a staircase leading out of the dungeon here.
Unknown command.
You have escaped!

#############
####>~~≈≈≈≈≈~≈>###
#..##..~≈≈≈~..##.#
#...###.~≈~.###.@#
#.....###~###....#
..#.....#'#.....##
.###...........##
.# ###.......###
## ###...### #
##'## # #..# #
#.##


There were no monsters in sight!

Vanquished Creatures
  the Royal Jelly (Slime:5)
  5 dread liches
  5 orbs of fire
  Tiamat (Zot:4)
  An ancient lich (Vaults:5)
  Mara (Depths:3)
  2 juggernauts
  Bai Suzhen (Elf:3)
  Vv (Depths:2)
  10 Killer Klowns (Zot:5)
  2 curse toes
  Geryon (Hell)
  A profane servitor (Crypt:3)
  8 golden dragons
  6 bone dragons
  A hellephant (Abyss:2)
  5 electric golems
  Jorgrun (Orc:1)
  18 tentacled monstrosities
  2 walking earthen tomes
  27 Orb Guardians
  3 liches
  14 acid blobs
  2 walking divine tomes
  5 titans
  A deep elf blademaster (Elf:2)
  7 tentacled starspawn
  5 quicksilver dragons
  An Executioner (Abyss:3)
  7 sphinxes
  2 deep elf master archers (Elf:3)
  2 krakens (Shoals:4)
  5 tengu reavers
  5 death cobs
  3 ancient champions
  11 shadow dragons
  Aizul (Snake:3)
  17 storm dragons
  3 revenants
  13 azure jellies
  2 protean progenitors (Zot:3)
  3 draconian monks
  3 iron dragons
  Roxanne (Snake:4)
  7 nagarajas (Snake:4)
  14 deep elf sorcerers
  2 draconian knights
  18 fire giants
  6 rockslimes
  21 vault wardens
  2 juggernaut zombies
  2 ghost moths
  4 draconian scorchers
  3 draconian shifters
  3 imperial myrmidons (Desolation)
  11 frost giants
  A balrug (Hell)
  3 orc warlords (Orc:1)
  3 deep elf elementalists
  2 angels (Vaults:1)
  The ghost of fly the Imperceptible, an adept KoDe of Uskayaw (Orc:2)
  3 draconian stormcallers
  2 draconian annihilators
  The ghost of Maimakterion the Bludgeoner, a journeyman GrFi of Cheibriados (Orc:2)
  6 quicksilver oozes
  4 spriggan defenders
  3 ghouls
  17 stone giants
  15 very ugly things
  5 ironbound thunderhulks
  10 formless jellyfish
  27 ironbound preservers
  10 reapers
  The ghost of jazmu the Thaumaturge, a journeyman DgEE (Orc:2)
  The ghost of Amplified the Fighter, a journeyman MiAl of Trog (Orc:2)
  A demonspawn black sun (Zot:2)
  A caustic shrike skeleton (Abyss:3)
  5 green draconians
  7 vampire knights
  9 deep elf demonologists
  9 deep elf annihilators
  9 deep elf death magi
  8 black draconians
  7 yellow draconians
  9 spark wasps
  11 red draconians
  A minotaur (Lair:1)
  6 war gargoyles
  2 halazid warlocks (Desolation)
  22 dire elephants
  7 purple draconians
  13 white draconians
  5 crystal guardians
  The ghost of Qucvyi Areg the Grappler, a journeyman DrSh of Yredelemnul (Lair:2)
  An iron golem (Depths:1)
  The ghost of JavaGenius the Arsonist, a journeyman GrFE of Ru (Orc:2)
  3 eidola
  13 fire dragons
  9 ettins
  9 merfolk javelineers
  2 spectral krakens (Shoals:3)
  4 merfolk impalers
  A green death (Abyss:4)
  3 blizzard demons
  8 yaktaur captains
  14 jiangshi
  An entropy weaver (shapeshifter) (Lair:5)
  9 great orbs of eyes
  Josephine (D:10)
  9 deep elf high priests
  A shambling mangrove (Abyss:4)
  4 entropy weavers
  17 ice dragons
  8 ragged hierophants (Desolation)
  A quicksilver dragon skeleton (Crypt:2)
  Harold (Orc:1)
  4 spriggan air magi
  7 rakshasas
  9 servants of whispers (Desolation)
  2 ogre magi
  3 ghost crabs (Shoals:3)
  12 peacekeepers
  4 salamander tyrants
  18 vault guards
  A hell beast (Depths:4)
  The ghost of Ucaimp the Covert, a journeyman VSBr of Wu Jian (Lair:1)
  3 catoblepae
  2 hydras (Elf:1)
  11 centaur warriors
  8 anacondas
  7 merfolk avatars
  4 death knights
  5 boulder beetles
  3 ironbound frosthearts
  5 merfolk aquamancers
  A satyr (Shoals:4)
  6 two-headed ogres
  A demonic crawler (Depths:1)
  2 deep troll earth magi
  2 two-headed ogres (shapeshifter)
  A deep troll shaman (Depths:1)
  4 death yaks
  2 alligator snapping turtles (Shoals:4)
  5 vampire magi
  17 naga warriors
  8 sun demons
  28 dancing weapons
  7 tengu warriors
  12 naga sharpshooters
  A titan zombie (Hell)
  5 hell hogs
  12 thrashing horrors
  Sonja (D:11)
  3 occultists (Depths:3)
  9 spriggan berserkers
  A storm dragon zombie (Crypt:3)
  A shock serpent (shapeshifter) (Depths:3)
  22 hell knights
  2 orc high priests
  3 soul eaters
  Amaemon (Lair:1)
  12 deep elf knights
  4 shock serpents
  5 skysharks
  4 shadow wraiths
  2 skysharks (shapeshifter)
  7 wretched stars
  Nergalle (D:10)
  2 sixfirhies
  18 skeletal warriors
  10 sea snakes
  4 iron trolls
  An anaconda zombie (Hell)
  Lodul (D:10)
  An orb spider (Abyss:4)
  4 salamander mystics
  3 orange crystal statues (Hell)
  4 glowing orange brains
  A golden dragon skeleton (Crypt:1)
  16 deep elf archers
  7 flayed ghosts
  5 mana vipers
  4 arcanists
  5 naga ritualists
  29 deep elf pyromancers
  15 phantasmal warriors
  68 deep trolls
  A shadow dragon zombie (Hell)
  A swamp dragon (shapeshifter) (Depths:3)
  A spriggan simulacrum (Crypt:3)
  21 ironbound convokers
  2 alligator zombies (Hell)
  15 lindwurms
  8 necromancers
  24 harpies
  A will-o-the-wisp (Abyss:3)
  An oklob plant (Lair:2)
  A shadow dragon skeleton (Crypt:2)
  23 deep elf zephyrmancers
  A shining eye (shapeshifter) (Depths:4)
  A frost giant zombie (Hell)
  3 orc knights
  2 stone giant zombies (Hell)
  27 ugly things
  11 fauns
  An elephant (shapeshifter) (Vaults:5)
  24 manticores
  2 alligator skeletons
  5 merfolk sirens
  12 cyclopes
  A cyclops (shapeshifter) (Vaults:5)
  2 orc sorcerers
  2 shining eyes
  5 ice statues
  6 water nymphs
  12 vault sentinels
  14 elephants
  41 salamanders
  14 large abominations
  23 moths of wrath
  An apocalypse crab (Abyss:2)
  5 kobold blastminers
  A worldbinder (Abyss:3)
  5 torpor snails
  11 naga magi
  37 black mambas
  Joseph (D:10)
  4 molten gargoyles
  24 guardian serpents
  4 orange demons
  A rust devil (Hell)
  17 smoke demons
  A red draconian zombie (Crypt:1)
  A gargoyle (D:12)
  14 cane toads
  2 hellions
  2 kobold demonologists (D:9)
  A torpor snail (shapeshifter) (Vaults:5)
  3 rime drakes
  A sea snake zombie (Hell)
  A spriggan zombie (Hell)
  11 freezing wraiths
  2 anaconda simulacra (IceCv)
  A tormentor (Abyss:4)
  11 komodo dragons
  An unseen horror (D:13)
  36 yaktaurs
  2 efreet
  A spectral harpy (Shoals:3)
  8 ice devils (IceCv)
  2 tengu conjurers (Depths:1)
  A yaktaur skeleton (Vaults:5)
  5 ancient zymes
  3 yaktaurs (shapeshifter)
  A sea snake skeleton (Hell)
  A minotaur skeleton (Crypt:1)
  A death yak skeleton (Crypt:2)
  23 merfolk
  5 trolls
  A harpy zombie (Crypt:2)
  A spectral merfolk (Shoals:3)
  2 hellwings (Abyss:3)
  3 polar bears
  A harpy skeleton (Abyss:3)
  A shadow dragon simulacrum (Vaults:3)
  4 wind drakes
  10 hornets
  18 blink frogs
  5 glass eyes
  80 saltlings (Desolation)
  14 raiju
  A guardian serpent zombie (Crypt:2)
  A hydra skeleton (Hell)
  A sun moth zombie (Crypt:1)
  A hornet (shapeshifter) (Depths:3)
  11 snapping turtles
  3 spectral manticores (Shoals:3)
  2 ettin zombies
  Grinder (D:4)
  A glass eye (shapeshifter) (Depths:2)
  12 dream sheep
  62 slime creatures
  An air elemental (Orc:2)
  A vampire (Abyss:3)
  4 shadows (Crypt:3)
  A dire elephant simulacrum (IceCv)
  4 ynoxinuls
  19 water elementals
  13 wraiths
  10 spriggans
  4 golden eyes
  9 wyverns
  28 yaks
  41 starcursed masses
  4 fire elementals
  8 redbacks
  6 wargs
  8 vampire mosquitoes
  9 basilisks
  A human (D:12)
  4 chaos spawn
  4 neqoxecs
  A death yak simulacrum (IceCv)
  3 acid dragons
  A glowing shapeshifter zombie (Hell)
  29 nagas
  A spectral snapping turtle (Shoals:3)
  3 hydra simulacra (Hell)
  10 hell hounds
  17 water moccasins
  52 orc warriors
  4 sky beasts (D:7)
  2 blink frog zombies (Crypt:1)
  2 black bears
  An ice beast (D:5)
  An ice dragon simulacrum (Crypt:2)
  27 laughing skulls
  6 boggarts
  A manticore skeleton (Crypt:2)
  16 wolves
  23 ogres
  22 centaurs
  A draconian zombie (Crypt:2)
  3 kobold brigands
  2 yaktaur zombies
  8 weeping skulls
  A brain worm (shapeshifter) (D:14)
  3 gnoll sergeants
  7 necrophages
  A two-headed ogre simulacrum (IceCv)
  9 bullfrogs
  3 cane toad simulacra
  A warg zombie (Crypt:1)
  A wyvern zombie (Crypt:2)
  An earth elemental (Elf:3)
  A draconian skeleton (Crypt:1)
  22 small abominations
  5 scorpions
  4 burial acolytes (Crypt:3)
  2 tengu zombies (Hell)
  An electric eel (Lair:5)
  5 howler monkeys
  4 lava snakes (Snake:1)
  A wolf skeleton (Crypt:1)
  A centaur zombie (Crypt:2)
  A hound (D:6)
  A quasit (Abyss:3)
  An iron imp (Abyss:3)
  7 jellies
  A bombardier beetle (D:3)
  2 gnoll boudas
  37 orc priests
  A centaur skeleton (Crypt:2)
  11 hell rats
  Jessica (D:2)
  2 sleepcaps
  4 iguanas
  24 orc wizards
  3 troll simulacra (IceCv)
  A polar bear simulacrum (IceCv)
  4 wolf simulacra
  An acid dragon skeleton (Crypt:2)
  A tengu skeleton (Crypt:1)
  A boggart simulacrum (D:14)
  8 adders
  30 gnolls
  2 naga simulacra (IceCv)
  2 shadow imps
  10 white imps
  6 ufetubi
  4 dart slugs
  3 ribbon worms
  157 orcs
  7 endoplasms
  A giant cockroach (D:1)
  28 goblins
  15 hobgoblins
  5 jackals
  3 quokkas
  8 ball pythons
  8 bats
  5 frilled lizards
  18 kobolds
  5 rats
  A lurking horror (Abyss:2)
  6 starspawn tentacles
  11 tentacles
2907 creatures vanquished.

Vanquished Creatures (collateral kills)
  A dread lich (Vaults:5)
  A titan (Vaults:5)
  A shadow dragon (Vaults:5)
  A tengu reaver (Vaults:5)
  A frost giant (Vaults:5)
  An iron dragon (Vaults:5)
  3 vault wardens (Vaults:5)
  2 stone giants
  A fire dragon (Depths:3)
  A servant of whispers (Desolation)
  A vault guard (Vaults:5)
  2 hell knights (Vaults:5)
  2 deep trolls (Vaults:5)
  A flayed ghost (Depths:3)
  A phantasmal warrior (Vaults:5)
  An ironbound convoker (Vaults:5)
  An orc knight (Vaults:5)
  A harpy (shapeshifter) (Depths:3)
  A human zombie (Vaults:5)
  2 saltlings (Desolation)
  A dream sheep (shapeshifter) (Vaults:5)
27 creatures vanquished.

Vanquished Creatures (others)
  A golden dragon (Zot:4)
  2 titans (Vaults:5)
  2 tengu reavers (Vaults:5)
  A deep elf sorcerer (Vaults:5)
  2 vault wardens (Vaults:5)
  2 ironbound preservers (Vaults:5)
  A stone giant (Vaults:5)
  An ettin (Vaults:5)
  18 vault guards (Vaults:5)
  Erica (Orc:1)
  A deep troll earth mage (Vaults:5)
  2 hell knights (Vaults:5)
  5 deep trolls (Vaults:5)
  A large abomination (Abyss:4)
  A deep elf pyromancer (Elf:1)
  A necromancer (Vaults:5)
  An orc knight (Vaults:5)
  3 deep elf zephyrmancers
  A human skeleton (Vaults:5)
  An apocalypse crab (Abyss:4)
  A naga mage (Snake:3)
  A raiju (Abyss:4)
  3 blink frogs
  A water elemental (Elf:1)
  Sigmund (D:5)
  A basilisk (Lair:5)
  2 small abominations
  An acid dragon (Zot:4)
  An ogre skeleton (Vaults:5)
  An orc warrior (Vaults:5)
  2 orc priests (Vaults:5)
  An ufetubus (IceCv)
  6 ball lightnings (Elf:1)
  2 foxfires (Abyss:3)
  A lurking horror (Abyss:3)
  18 starspawn tentacles
  73 tentacles
164 creatures vanquished.

Grand Total: 3098 creatures vanquished

Notes
Turn   | Place    | Note
-------+----------+-------------------------------------------
     0 | D:1      | ExZ the Armataur Monk began the quest for the Orb.
     0 | D:1      | Reached XP level 1. HP: 18/18 MP: 1/1
   262 | D:1      | Reached skill level 3 in Fighting
   377 | D:1      | Reached XP level 2. HP: 26/26 MP: 2/2
   551 | D:1      | Found Bomn's Weapon Shop.
   668 | D:1      | Reached skill level 1 in Shields
   765 | D:2      | Reached XP level 3. HP: 16/31 MP: 3/3
   867 | D:2      | Noticed Jessica
   877 | D:2      | Killed Jessica
   878 | D:2      | Reached skill level 4 in Fighting
   925 | D:2      | Reached XP level 4. HP: 40/40 MP: 4/4
  1467 | D:2      | Reached XP level 5. HP: 45/47 MP: 5/5
  1471 | D:2      | Found Rimorphaa's Magic Scroll Boutique.
  1474 | D:2      | Bought 2 scrolls of identify for 40 gold pieces
  1474 | D:2      | Bought a scroll of identify for 20 gold pieces
  1474 | D:2      | Bought a scroll of identify for 20 gold pieces
  1919 | D:3      | You fall into a shaft and drop 2 floors!
  1919 | D:5      | Entered Level 5 of the Dungeon
  1938 | D:5      | Reached skill level 5 in Fighting
  1955 | D:5      | Noticed an ice beast
  2035 | D:5      | Reached XP level 6. HP: 56/56 MP: 6/6
  2510 | D:3      | Reached skill level 1 in Armour
  2542 | D:3      | Reached skill level 6 in Fighting
  2547 | D:3      | Found an opulent altar of Gozag.
  2552 | D:3      | Became a worshipper of Gozag Ym Sagoz the Greedy
  2555 | D:3      | Found a glowing golden altar of the Shining One.
  3346 | D:4      | Noticed Grinder
  3364 | D:4      | Gained mutation: You regenerate magic and health when
                  | rolling toward enemies. (Rampage Regen) [Armataur growth]
  3364 | D:4      | Reached XP level 7. HP: 49/63 MP: 7/7
  3399 | D:4      | Killed Grinder
  3400 | D:4      | Reached skill level 5 in Shields
  4092 | D:5      | Reached skill level 7 in Fighting
  4092 | D:5      | Reached XP level 8. HP: 66/73 MP: 8/8
  4103 | D:5      | Noticed Sigmund
  4149 | D:5      | Identified the +3 robe "Uvyqed" {rC+ rN+}
  4177 | D:5      | Reached skill level 5 in Armour
  4180 | D:5      | Killed Sigmund
  4431 | D:5      | Found a burning altar of Makhleb.
  4644 | D:5      | Found a staircase to the Ecumenical Temple.
  4909 | D:6      | Reached skill level 8 in Fighting
  4909 | D:6      | Reached skill level 1 in Evocations
  5322 | D:6      | Reached XP level 9. HP: 70/82 MP: 9/9
  5419 | D:7      | Found a sacrificial altar of Ru.
  5631 | D:7      | Found a flagged portal.
  5642 | Bailey   | Entered a bailey
  5763 | Bailey   | Reached skill level 9 in Fighting
  5837 | Bailey   | Noticed an orc knight
  5851 | Bailey   | Killed an orc knight
  5989 | Bailey   | Noticed an orc warlord
  6248 | D:8      | Noticed an ice statue
  6308 | D:8      | Reached XP level 10. HP: 93/93 MP: 10/10
  6956 | D:8      | Reached skill level 10 in Fighting
  6999 | D:8      | Found a staircase to the Lair.
  7020 | D:8      | Reached skill level 1 in Long Blades
  7715 | D:9      | Noticed an orange demon
  7891 | D:9      | Reached skill level 10 in Armour
  8115 | D:8      | Reached skill level 5 in Evocations
  8394 | D:9      | Found a basalt altar of Yredelemnul.
  8650 | D:10     | Entered Level 10 of the Dungeon
  8650 | D:10     | Noticed Joseph
  8652 | D:10     | Killed Joseph
  8668 | D:10     | Found a radiant altar of Vehumet.
  8709 | D:10     | Noticed a two-headed ogre
  8720 | D:10     | Killed a two-headed ogre
  8721 | D:10     | Reached XP level 11. HP: 99/99 MP: 11/11
  8901 | D:10     | Noticed Lodul
  9244 | D:10     | Found a glowing silver altar of Zin.
  9598 | D:10     | Killed Lodul
  9786 | D:11     | Found Nas Poh's Armour Shop.
  9789 | D:11     | Bought the +6 plate armour of the Thistle {+Blink rF+ Str+5
                  | Dex+4} for 1114 gold pieces
  9811 | D:11     | Noticed Sonja
  9814 | D:11     | Killed Sonja
  9815 | D:11     | Reached skill level 10 in Shields
 10044 | D:11     | Noticed Nergalle
 10045 | D:11     | Noticed Josephine
 10159 | D:10     | Killed Nergalle
 10201 | D:10     | Killed Josephine
 10369 | D:11     | Found a stormy altar of Qazlal.
 10738 | D:1      | Bought the +8 glaive "Ojeom" {flame, rPois rC++ Will+
                  | Stlth+} for 888 gold pieces
 10987 | Lair:1   | Entered Level 1 of the Lair of Beasts
 10992 | Lair:1   | Reached skill level 5 in Maces & Flails
 11068 | Lair:1   | Noticed Ucaimp's ghost (journeyman VSBr)
 11070 | Lair:1   | Noticed a minotaur
 11166 | Lair:1   | Noticed Amaemon
 11180 | Lair:1   | Killed Amaemon
 11181 | Lair:1   | Reached XP level 12. HP: 77/106 MP: 12/12
 11561 | Lair:1   | Found a runed translucent gate.
 11561 | Lair:1   | Found a runed translucent gate.
 11562 | Lair:1   | Found a runed translucent gate.
 11866 | Lair:1   | Killed Ucaimp's ghost
 12055 | Lair:1   | Killed a minotaur
 12601 | Lair:2   | Found a staircase to the Snake Pit.
 13066 | Lair:2   | Found a staircase to the Shoals.
 13200 | Lair:2   | Found a large runed translucent door.
 13200 | Lair:2   | Found a large runed translucent door.
 13204 | Lair:2   | Noticed Qucvyi Areg's ghost (journeyman DrSh)
 13247 | Lair:2   | Reached skill level 11 in Fighting
 13582 | Lair:3   | Reached XP level 13. HP: 105/116 MP: 13/13
 13888 | Lair:3   | Reached skill level 12 in Fighting
 15065 | Lair:2   | Reached skill level 13 in Fighting
 15804 | Lair:4   | Found a snail-covered altar of Cheibriados.
 15821 | Lair:4   | Reached skill level 14 in Fighting
 16428 | Lair:5   | Entered Level 5 of the Lair of Beasts
 16610 | Lair:5   | Found a frozen archway.
 16719 | IceCv    | Entered an ice cave
 17047 | IceCv    | Reached XP level 14. HP: 133/133 MP: 14/14
 17050 | IceCv    | Reached skill level 15 in Fighting
 17345 | IceCv    | Noticed a reaper
 17432 | IceCv    | Killed a reaper
 18101 | Lair:5   | Found a viscous altar of Jiyva.
 18101 | Lair:5   | Found a staircase to the Slime Pits.
 18595 | Lair:5   | Reached skill level 15 in Shields
 18892 | Lair:5   | Identified the ring of Fyosi {rF- rC+ Will++ Dex+5}
 19415 | Lair:5   | Found a corrupted altar of Lugonu.
 19415 | Lair:5   | Found a one-way gate to the infinite horrors of the Abyss.
 19421 | Lair:5   | Identified the +0 plate armour of the Sunfish {rPois MP+9
                  | Stlth+}
 19684 | Lair:1   | Bought a scratched silver ring for 155 gold pieces
 19684 | Lair:1   | Bought a clear potion for 27 gold pieces
 20110 | D:12     | Found a staircase to the Orcish Mines.
 20900 | D:13     | Reached skill level 16 in Fighting
 21499 | D:13     | Found a gate to the Vaults.
 22106 | D:14     | Noticed Agnes
 22679 | D:14     | Reached XP level 15. HP: 144/144 MP: 15/15
 22782 | D:15     | Entered Level 15 of the Dungeon
 23083 | D:15     | Found Ritoine's Antique Weapon Shop.
 23104 | D:15     | Bought a blackened scimitar for 261 gold pieces
 23104 | D:15     | Identified the +5 scimitar "Emiodwae" {flame, rCorr MP+9}
                  | (You bought it in a shop on level 15 of the Dungeon)
 23426 | D:14     | Reached skill level 10 in Maces & Flails
 23492 | D:15     | Found a staircase to the Depths.
 23775 | Orc:1    | Entered Level 1 of the Orcish Mines
 23776 | Orc:1    | Found a dark tunnel.
 23787 | Volcano  | Entered a volcano
 23829 | Volcano  | Found a radiant altar of Vehumet.
 24126 | Orc:1    | Paralysed by an ogre mage for 5 turns
 24587 | Orc:1    | Noticed Jorgrun
 24615 | Orc:1    | Killed Jorgrun
 24943 | Orc:2    | Entered Level 2 of the Orcish Mines
 25644 | Orc:2    | Found a runed translucent gate.
 25644 | Orc:2    | Found a runed translucent gate.
 25645 | Orc:2    | Found a runed translucent gate.
 25661 | Orc:2    | Noticed JavaGenius's ghost (journeyman GrFE)
 25661 | Orc:2    | Noticed fly's ghost (adept KoDe)
 25661 | Orc:2    | Noticed Maimakterion's ghost (journeyman GrFi)
 25661 | Orc:2    | Noticed jazmu's ghost (journeyman DgEE)
 25661 | Orc:2    | Noticed Amplified's ghost (journeyman MiAl)
 25765 | Orc:1    | Found Puyriun's Weapon Emporium.
 25852 | Orc:1    | Noticed Harold
 25861 | Orc:1    | Killed Harold
 25870 | Orc:1    | Noticed Erica
 25886 | Orc:1    | Killed Erica
 26086 | Orc:2    | Found a staircase to the Elven Halls.
 26189 | Orc:2    | Found Devud's Distillery.
 26245 | Orc:2    | Found Fupt's Antique Armour Shoppe.
 26247 | Orc:2    | Found Vutumec's Antique Weapon Emporium.
 26266 | Orc:2    | Bought a faintly glowing long sword for 246 gold pieces
 26266 | Orc:2    | Identified the +5 long sword "Sarcophage" {heavy, rN+
                  | Str+3} (You bought it in a shop on level 2 of the Orcish
                  | Mines)
 26371 | Orc:2    | Found Nosymo's Antique Armour Shop.
 26449 | Orc:2    | Bought a potion of curing for 42 gold pieces
 26449 | Orc:2    | Bought a potion of resistance for 140 gold pieces
 26449 | Orc:2    | Bought a potion of curing for 42 gold pieces
 26449 | Orc:2    | Bought a potion of heal wounds for 70 gold pieces
 26449 | Orc:2    | Bought a potion of curing for 42 gold pieces
 26778 | Orc:2    | Bought a dazzling plate armour for 700 gold pieces
 26778 | Orc:2    | Identified the +10 plate armour of the Wumpus {Rampage rC+}
                  | (You bought it in a shop on level 2 of the Orcish Mines)
 26778 | Orc:2    | Bought a masterwork plate armour for 700 gold pieces
 26778 | Orc:2    | Identified the +8 plate armour of Kyihal {Dex+3 SInv
                  | Stlth+} (You bought it in a shop on level 2 of the Orcish
                  | Mines)
 27026 | Shoals:1 | Entered Level 1 of the Shoals
 27172 | Lair:2   | Reached skill level 17 in Fighting
 27185 | Shoals:1 | Reached XP level 16. HP: 135/155 MP: 16/16
 28543 | Shoals:2 | Identified a scroll of acquirement
 28584 | Shoals:2 | Acquired a manual of Armour
 30061 | Shoals:3 | Found a runed translucent gate.
 30061 | Shoals:3 | Found a runed translucent gate.
 30061 | Shoals:3 | Found a runed translucent gate.
 30062 | Shoals:3 | Noticed thechecker02's ghost (adept GnFi)
 30726 | Shoals:3 | Found Tynt's Assorted Antiques.
 30774 | Shoals:3 | Bought a potion of haste for 400 gold pieces
 31157 | Shoals:4 | Entered Level 4 of the Shoals
 31442 | Shoals:4 | Identified the ring of the Lily {Ice rElec rN+++ Int-2}
 31619 | Shoals:4 | Reached XP level 17. HP: 143/155 MP: 17/17
 31959 | Shoals:4 | Reached skill level 18 in Fighting
 31979 | Shoals:4 | Noticed a kraken
 32115 | Shoals:4 | Reached skill level 15 in Maces & Flails
 32222 | Shoals:4 | Identified the ring "Yzxozeq" {Fly rPois rC+ Str-4 Int+5}
 32816 | Shoals:4 | Killed a kraken
 32926 | Shoals:4 | Got a barnacled rune of Zot
 32968 | Shoals:4 | Noticed a kraken
 33045 | Shoals:4 | Killed a kraken
 33287 | Lair:1   | Bought the ring "Copri" {Fire rElec rCorr Str+2} for 829
                  | gold pieces
 33464 | Elf:1    | Entered Level 1 of the Elven Halls
 33665 | Orc:2    | Killed fly's ghost
 33673 | Orc:2    | Killed Maimakterion's ghost
 33696 | Orc:2    | Killed JavaGenius's ghost
 33710 | Orc:2    | Killed Amplified's ghost
 33739 | Orc:2    | Killed jazmu's ghost
 33946 | Orc:2    | Paralysed by an air elemental for 1 turns
 33950 | Orc:2    | Paralysed by an air elemental for 1 turns
 33955 | Orc:2    | Paralysed by an air elemental for 1 turns
 34403 | Elf:1    | Got the Commentary on Assaults
 34434 | Elf:1    | Reached skill level 19 in Fighting
 34572 | Elf:1    | Found a huge runed translucent gate.
 34573 | Elf:1    | Found a huge runed translucent gate.
 34574 | Elf:1    | Found a huge runed translucent gate.
 34574 | Elf:1    | Found a huge runed translucent gate.
 34574 | Elf:1    | Found a huge runed translucent gate.
 34575 | Elf:1    | Found a huge runed translucent gate.
 34575 | Elf:1    | Found a huge runed translucent gate.
 34575 | Elf:1    | Found a huge runed translucent gate.
 34575 | Elf:1    | Found a huge runed translucent gate.
 34575 | Elf:1    | Found a huge runed translucent gate.
 34575 | Elf:1    | Found a huge runed translucent gate.
 34575 | Elf:1    | Found a huge runed translucent gate.
 34575 | Elf:1    | Found a huge runed translucent gate.
 34575 | Elf:1    | Found a huge runed translucent gate.
 34575 | Elf:1    | Found a huge runed translucent gate.
 34575 | Elf:1    | Found a huge runed translucent gate.
 34575 | Elf:1    | Found a huge runed translucent gate.
 34575 | Elf:1    | Found a huge runed translucent gate.
 34578 | Elf:1    | Found a huge runed translucent gate.
 34578 | Elf:1    | Found a huge runed translucent gate.
 34602 | Elf:1    | Noticed a deep elf master archer
 34679 | Elf:1    | Noticed a sphinx
 34681 | Elf:1    | Noticed a sphinx
 34706 | Elf:1    | Paralysed by a sphinx for 2 turns
 34711 | Elf:1    | Killed a sphinx
 34738 | Elf:1    | Killed a sphinx
 35822 | Elf:2    | Reached XP level 18. HP: 163/178 MP: 18/18
 35912 | Elf:2    | Reached skill level 20 in Fighting
 36095 | Elf:2    | Found a runed translucent gate.
 36095 | Elf:2    | Found a runed translucent gate.
 36095 | Elf:2    | Found a runed translucent gate.
 36577 | Elf:3    | Entered Level 3 of the Elven Halls
 36642 | Elf:3    | Found Tantupn's Assorted Antiques.
 36725 | Elf:3    | Bought a scroll of teleportation for 99 gold pieces
 36725 | Elf:3    | Bought a scroll of enchant weapon for 247 gold pieces
 36740 | Elf:3    | Found Qydets's Antique Armour Shop.
 36742 | Elf:3    | Found Qelimei's Weapon Shop.
 36742 | Elf:3    | Found Tilureiz's Antique Armour Boutique.
 36747 | Elf:3    | Found Zyello Tynk's Armour Boutique.
 36753 | Elf:3    | Bought a +1 pair of gloves of hurling for 280 gold pieces
 36780 | Elf:3    | Reached skill level 15 in Armour
 36837 | Elf:3    | Noticed Bai Suzhen
 36856 | Elf:3    | Killed Bai Suzhen
 38412 | Elf:3    | Identified the +5 halberd of Kutaofum {venom, Str+3}
 38637 | Elf:3    | Identified the ring "Umes" {rF+ SInv}
 39055 | Elf:3    | Noticed a Hell Sentinel
 39198 | Elf:3    | Reached XP level 19. HP: 122/185 MP: 19/19
 39264 | Elf:3    | Identified the ring of Wu Jian's Reproof {Wiz rElec Dex+4}
 39666 | Elf:3    | Reached skill level 5 in Dodging
 39843 | Elf:3    | Identified the +0 plate armour of the Invisible Hand {rElec
                  | rC+ Int+6 Dex-4}
 40149 | Snake:1  | Entered Level 1 of the Snake Pit
 40763 | Snake:1  | Identified the +10 long sword "Dragonbane" {distort, Str+2}
 41183 | Lair:2   | Killed Qucvyi Areg's ghost
 42895 | Snake:3  | Found a sacrificial altar of Ru.
 43207 | Snake:3  | Identified the serpent talisman of the Pink Corner {MP-9
                  | Str+5}
 43207 | Snake:3  | Noticed Aizul
 43221 | Snake:3  | Killed Aizul
 43828 | Snake:3  | Identified the ring "Uwotuhut" {rF+ Int+6 Dex+3}
 44027 | Snake:4  | Entered Level 4 of the Snake Pit
 44095 | Snake:4  | Identified the +0 leather armour of the Orb Guardian
                  | {Str+4}
 44767 | Elf:3    | Bought twisted shadow dragon scales for 2550 gold pieces
 44767 | Elf:3    | Identified the +7 shadow dragon scales "Lettieg" {rC+
                  | Slay+2 Stlth++++} (You bought it in a shop on level 3 of
                  | the Elven Halls)
 45333 | Snake:4  | Reached XP level 20. HP: 133/193 MP: 20/20
 45520 | Snake:4  | Identified the +0 ring mail of Eternal Vigilance {Str+4
                  | Dex-2}
 45537 | Snake:4  | Got a serpentine rune of Zot
 45694 | Snake:4  | Noticed Roxanne
 45718 | Snake:4  | Killed Roxanne
 46321 | Lair:1   | Bought a polished trident for 323 gold pieces
 46321 | Lair:1   | Identified the +4 trident of Rotation {elec, Int+3} (You
                  | bought it in a shop on level 1 of the Lair of Beasts)
 46439 | Vaults:1 | Entered Level 1 of the Vaults
 46609 | Vaults:1 | Found a white marble altar of Elyvilon.
 46610 | Vaults:1 | Found a glowing silver altar of Zin.
 46617 | Vaults:1 | Found a crumbling gateway.
 46652 | Vaults:1 | Found a glowing golden altar of the Shining One.
 46674 | Desolati | Entered the Desolation of Salt
 46783 | Desolati | Identified the +10 battleaxe of Action {drain, rPois}
 46787 | Desolati | Got the Folio of the Cricket
 47176 | Desolati | Identified the ring of the Scavenger {Will+ rCorr Str+3
                  | Stlth-}
 47359 | Desolati | Reached skill level 10 in Evocations
 48395 | Desolati | Identified the +7 rapier of Defenestration {freeze, Int+4
                  | Dex+5}
 48437 | Desolati | Identified the staff "Xonomipt" {rF+ rN+ Dex-3 Stlth+ Fire}
 48550 | Desolati | Identified the amulet of Ecole {Acrobat Dex+2}
 48970 | Lair:1   | Bought a fine demon trident for 760 gold pieces
 48970 | Lair:1   | Identified the +4 demon trident of Sudden Death {venom,
                  | *Noise rPois Will+++ Int+3} (You bought it in a shop on
                  | level 1 of the Lair of Beasts)
 49233 | Vaults:1 | Reached skill level 1 in Polearms
 49625 | Vaults:1 | Reached skill level 5 in Polearms
 49652 | Vaults:1 | Reached XP level 21. HP: 195/201 MP: 21/21
 50673 | Vaults:2 | Reached skill level 10 in Polearms
 50906 | Vaults:2 | Identified the +7 dagger "Xytsosux" {flame, Dex+2}
 51074 | Vaults:2 | Found a staircase to the Crypt.
 51087 | Vaults:2 | Paralysed by a formless jellyfish for 1 turns
 52007 | Vaults:2 | Found a portal to a secret trove of treasure.
 52148 | Vaults:2 | Identified the +1 leather armour of Midsummer {Rampage
                  | Int+4}
 53021 | Vaults:3 | You are sucked into a shaft and drop 1 floor!
 53056 | Vaults:4 | Acquired the +3 barding of the Arcane {rElec Regen+ Int-4
                  | SInv}
 53768 | Vaults:4 | Reached XP level 22. HP: 206/209 MP: 22/22
 54865 | Vaults:3 | Identified the +0 helmet of Foyv {^Contam rElec Will++}
 55298 | Vaults:3 | Reached skill level 21 in Fighting
 55951 | Depths:1 | Entered Level 1 of the Depths
 55951 | Depths:1 | Found a gateway to Hell.
 56039 | Depths:1 | Found Kixezok's Distillery.
 56049 | Depths:1 | Bought a potion of heal wounds for 95 gold pieces
 56049 | Depths:1 | Bought a potion of curing for 57 gold pieces
 56049 | Depths:1 | Bought a potion of curing for 57 gold pieces
 56049 | Depths:1 | Bought a potion of might for 76 gold pieces
 56771 | Depths:1 | Found a runed translucent door.
 57144 | Depths:1 | Identified the staff of Instinct {*Corrode +Blink rN+ Int+2
                  | Dex+3 Conj}
 57146 | Depths:1 | Identified the staff of Precise Incision {rPois rC++ Air
                  | Alchemy}
 57215 | Depths:2 | Found a one-way gateway to a ziggurat.
 57237 | Depths:2 | You are sucked into a shaft and drop 1 floor!
 57237 | Depths:3 | Noticed a juggernaut
 57269 | Depths:3 | Found a shadowy altar of Dithmenos.
 57312 | Depths:2 | Found a flickering gateway to a bazaar.
 57321 | Bazaar   | Entered a bazaar
 57335 | Bazaar   | Found Ypyu's Armour Shoppe.
 57335 | Bazaar   | Found Qypamn's Distillery.
 57358 | Bazaar   | Found Fafimumn's Armour Emporium.
 57374 | Bazaar   | Found Beubbaing's Antique Weapon Emporium.
 57458 | Bazaar   | Bought a potion of might for 36 gold pieces
 57458 | Bazaar   | Bought a potion of cancellation for 72 gold pieces
 57458 | Bazaar   | Bought a potion of heal wounds for 45 gold pieces
 57458 | Bazaar   | Bought a potion of mutation for 72 gold pieces
 57458 | Bazaar   | Bought a potion of mutation for 72 gold pieces
 57507 | Depths:2 | Noticed Vv
 57551 | Depths:2 | Killed Vv
 57654 | Depths:2 | Found a one-way gate leading to the halls of Pandemonium.
 57666 | Depths:2 | Reached skill level 22 in Fighting
 57871 | Depths:2 | Found an ornate altar of the Wu Jian Council.
 58354 | Depths:2 | Noticed a juggernaut
 58379 | Depths:2 | Killed a juggernaut
 58388 | Depths:2 | Reached XP level 23. HP: 186/223 MP: 23/23
 58525 | Depths:2 | Found the +8 Wrath of Trog {antimagic, *Rage Rampage}
 58971 | Depths:3 | Noticed Mara
 58977 | Depths:3 | Noticed ExZ's illusion
 59125 | Depths:3 | Noticed ExZ's illusion
 59129 | Depths:3 | Killed Mara
 59559 | Depths:3 | Reached skill level 23 in Fighting
 59787 | Depths:3 | Found a hide-covered altar of Uskayaw.
 60264 | Depths:3 | Killed a juggernaut
 60575 | Depths:3 | Identified the staff of Afuhoorgh {rC+ rCorr Int-3 Necro
                  | Ice}
 60593 | Depths:3 | Got Dispater's Incunabulum of Wounds
 61330 | Depths:4 | Entered Level 4 of the Depths
 61615 | Depths:4 | Reached skill level 24 in Fighting
 61659 | Depths:4 | Found a gate to the Realm of Zot.
 62186 | Depths:4 | Gained mutation: You are weak. (Str -2) [a shining eye]
 62304 | Depths:3 | Lost mutation: You are weak. (Str -2) [potion of mutation]
 62304 | Depths:3 | Gained mutation: Your spells are a little easier to cast,
                  | but a little less powerful. [potion of mutation]
 62304 | Depths:3 | Gained mutation: You have a pair of small horns on your
                  | head. [potion of mutation]
 62304 | Depths:3 | Gained mutation: You are strong-willed. (Will+) [potion of
                  | mutation]
 62684 | Depths:4 | Reached XP level 24. HP: 212/239 MP: 23/23
 63155 | Lair:1   | Bought the +7 great mace "Undeadhunter" {deathbane, rN+}
                  | for 1264 gold pieces
 63155 | Lair:1   | Found the +7 great mace "Undeadhunter" {deathbane, rN+}
 63426 | Crypt:1  | Entered Level 1 of the Crypt
 63668 | Crypt:1  | Identified the orb of Ybef {mayhem, *Slow rElec Regen+
                  | Conj}
 64818 | Crypt:3  | Entered Level 3 of the Crypt
 64922 | Crypt:3  | Found a basalt altar of Yredelemnul.
 65123 | Crypt:3  | Identified the ring of Lilacs {rF+ rC+ rN+ Str+3 Stlth+}
 65148 | Crypt:3  | Identified the amulet of Ascent {rF+ rC+ Regen+ Str+3}
 65148 | Crypt:3  | Identified the ring "Mykex" {rPois rN+ rCorr Int+3}
 65304 | Crypt:3  | Noticed a dread lich
 65323 | Crypt:3  | Killed a dread lich
 65362 | Crypt:3  | Found a staircase to the Tomb.
 65371 | Crypt:3  | Found the +5 scythe "Finisher" {speed, execute}
 65390 | Crypt:3  | Got the Opusculum on the Crucible
 65427 | Crypt:3  | Got the Tome of the Ghastly Traveller
 66009 | Crypt:3  | Identified the +7 glaive of Puwucur {pain, rElec}
 66546 | Slime:1  | Entered Level 1 of the Pits of Slime
 66781 | Slime:3  | Paralysed by a formless jellyfish for 1 turns
 66833 | Slime:4  | Paralysed by a formless jellyfish for 1 turns
 66840 | Slime:3  | Paralysed by a formless jellyfish for 1 turns
 66976 | Slime:4  | Paralysed by a formless jellyfish for 1 turns
 67016 | Slime:5  | Entered Level 5 of the Pits of Slime
 67221 | Slime:5  | Found the +1 cloak of Starlight {*Dazzle EV+4 Stlth--}
 67223 | Slime:5  | Found a viscous altar of Jiyva.
 67225 | Slime:5  | Noticed the Royal Jelly
 67257 | Slime:5  | Killed the Royal Jelly
 67355 | Slime:5  | Found the +12 glaive of Prune {freeze, Prune}
 67372 | Slime:5  | Identified the amulet of the Evening {Faith rF++ Int-5}
 67413 | Slime:5  | Identified the staff of Earthquakes {Will- Dex-3 Necro
                  | Earth Alchemy}
 67452 | Slime:5  | Got a slimy rune of Zot
 67497 | Slime:5  | Identified the +0 long sword of the Sheltering Gods {holy,
                  | rC- Str-2 Int+5 SInv}
 67609 | Slime:1  | Reached XP level 25. HP: 245/247 MP: 23/23
 68213 | Vaults:5 | Entered Level 5 of the Vaults
 68278 | Vaults:5 | Noticed an ancient lich
 68291 | Vaults:5 | Killed an ancient lich
 68358 | Vaults:5 | Identified the +1 robe of Valour {Int+3 Slay+3 SInv}
 68410 | Vaults:5 | Reached skill level 25 in Fighting
 68458 | Vaults:5 | Identified the +6 dagger of the Thirteen Blessings {heavy,
                  | rC+ rN++ Str+2}
 68648 | Vaults:5 | Identified the +1 flail of Interdependent Arising {holy,
                  | Int+3}
 68702 | Vaults:5 | Identified the ring of Qenky {rElec rC+ rCorr Str-2 Slay+6}
 68786 | Vaults:5 | Got a silver rune of Zot
 68900 | Vaults:5 | Identified the +1 battleaxe "Death Rattle" {venom, rPois
                  | Will+}
 68964 | Vaults:5 | Identified the ring "Naruamn" {rN+ rCorr Str+2 Dex-5}
 69149 | Vaults:5 | Noticed a dread lich
 69162 | Vaults:5 | Killed a dread lich
 69224 | Vaults:5 | Noticed a dread lich
 69234 | Vaults:5 | Killed a dread lich
 69251 | Vaults:5 | Identified the +15 plate armour of Eternal Night {rPois
                  | rF++ rCorr Stlth-}
 69302 | Vaults:5 | Identified the +2 robe of Ofranwupn {Str+4}
 69388 | Vaults:5 | Identified the ring of Butchery {rF+ rCorr Dex+4}
 69506 | Vaults:5 | Identified the +3 sling "Quppa" {drain, Int+3 Stlth+}
 70269 | Hell     | Entered the Vestibule of Hell
 70269 | Hell     | Noticed Geryon
 70393 | Lair:1   | Bought a +3 morningstar of holy wrath for 435 gold pieces
 70771 | Depths:1 | Reached skill level 26 in Fighting
 70891 | Abyss:2  | Cast into level 2 of the Abyss (reaper)
 71914 | Abyss:3  | Gained mutation: You are weak. (Str -2) [a neqoxec]
 72196 | Abyss:4  | Got an abyssal rune of Zot
 72203 | Abyss:4  | Reached XP level 26. HP: 123/264 MP: 16/16
 72272 | Abyss:4  | Noticed a dread lich
 72289 | Abyss:4  | Killed a dread lich
 72558 | Abyss:4  | Reached skill level 27 in Fighting
 72683 | Hell     | Escaped the Abyss
 72913 | Hell     | Found a gateway to the Iron City of Dis.
 73160 | Hell     | Reached skill level 10 in Dodging
 73166 | Hell     | Killed Geryon
 73291 | Hell     | Found a gateway to the ashen valley of Gehenna.
 73389 | Hell     | Found a gateway to the decaying netherworld of Tartarus.
 73483 | Hell     | Found a gateway to the freezing wastes of Cocytus.
 73692 | Zot:1    | Entered Level 1 of the Realm of Zot
 73700 | Zot:1    | Noticed an orb of fire
 73733 | Zot:1    | Killed an orb of fire
 74203 | Depths:4 | Bought a scroll of teleportation for 66 gold pieces
 74203 | Depths:4 | Bought a scroll of blinking for 165 gold pieces
 75362 | Zot:2    | Found a transporter.
 75508 | Zot:2    | Reached skill level 15 in Evocations
 75618 | Zot:2    | Found a transporter.
 75654 | Zot:2    | Found a transporter.
 75679 | Zot:2    | Found a transporter.
 76050 | Zot:3    | Noticed an orb of fire
 76061 | Zot:3    | Gained mutation: Your magical capacity is low. (-10% MP)
                  | [an orb of fire]
 76067 | Zot:3    | Killed an orb of fire
 76860 | Zot:4    | Noticed an orb of fire
 76860 | Zot:4    | Gained mutation: You sometimes lose your temper in combat.
                  | [an orb of fire]
 76871 | Zot:4    | Killed an orb of fire
 77017 | Zot:3    | Lost mutation: You are weak. (Str -2) [potion of mutation]
 77017 | Zot:3    | Lost mutation: You sometimes lose your temper in combat.
                  | [potion of mutation]
 77017 | Zot:3    | Lost mutation: You are strong-willed. (Will+) [potion of
                  | mutation]
 77017 | Zot:3    | Gained mutation: Your spells are easier to cast, but less
                  | powerful. [potion of mutation]
 77017 | Zot:3    | Gained mutation: Your tail ends in a venomous barb. [potion
                  | of mutation]
 77336 | Zot:4    | Reached XP level 27. HP: 273/273 MP: 20/20
 78042 | Zot:4    | Identified the +8 great sword of Accord {pain, rElec rC-
                  | Int+7 SInv}
 78045 | Zot:4    | Identified the +2 flail "Plog" {pain, rPois Int+3}
 78079 | Zot:4    | Identified the +7 orcbow "Quuggeq" {drain, rF+ rC+++ Int-3
                  | SInv}
 78079 | Zot:4    | Found the +4 dragonskin cloak
 78079 | Zot:4    | Noticed Tiamat
 78106 | Zot:4    | Killed Tiamat
 78249 | Zot:4    | Got the Omnibus of Fascination
 78256 | Zot:4    | Got the Secrets of the Inferno
 78365 | Zot:4    | Got the Teachings on Concussion
 78549 | Zot:5    | Entered Level 5 of the Realm of Zot
 79033 | Zot:5    | Noticed an orb of fire
 79044 | Zot:5    | Gained mutation: You are frail. (-10% HP) [an orb of fire]
 79044 | Zot:5    | Gained mutation: You occasionally lose the ability to drink
                  | potions when taking damage. [an orb of fire]
 79045 | Zot:5    | Noticed a dread lich
 79054 | Zot:5    | Killed a dread lich
 79205 | Zot:5    | Lost mutation: You have a pair of small horns on your head.
                  | [potion of mutation]
 79205 | Zot:5    | Lost mutation: You occasionally lose the ability to drink
                  | potions when taking damage. [potion of mutation]
 79205 | Zot:5    | Lost mutation: You are frail. (-10% HP) [potion of
                  | mutation]
 79205 | Zot:5    | Gained mutation: You are weak. (Str -2) [potion of
                  | mutation]
 79205 | Zot:5    | Gained mutation: You have a pair of small antennae on your
                  | head. [potion of mutation]
 79206 | Zot:5    | Lost mutation: You have a pair of small antennae on your
                  | head. [potion of mutation]
 79206 | Zot:5    | Lost mutation: You are weak. (Str -2) [potion of mutation]
 79206 | Zot:5    | Lost mutation: Your spells are easier to cast, but less
                  | powerful. [potion of mutation]
 79206 | Zot:5    | Gained mutation: Your magical capacity is very low. (-20%
                  | MP) [potion of mutation]
 79206 | Zot:5    | Gained mutation: You expend magic power (3 MP) to
                  | strengthen your wands. [potion of mutation]
 79206 | Zot:5    | Gained mutation: You are partially covered in iridescent
                  | scales. (AC +2) [potion of mutation]
 79206 | Zot:5    | Gained mutation: Your tail ends in a sharp venomous barb.
                  | [potion of mutation]
 79274 | Zot:5    | Noticed an orb of fire
 79305 | Zot:4    | Killed an orb of fire
 79357 | Zot:5    | Killed an orb of fire
 79374 | Zot:5    | Noticed a dread lich
 79394 | Zot:5    | Killed a dread lich
 79604 | Zot:5    | Reached skill level 15 in Dodging
 80074 | Zot:5    | Got the Orb of Zot
 80305 | Depths:3 | Noticed Bigiecis the pandemonium lord
 80658 | D:$      | Escaped with the Orb!

Illustrated notes

Levels and vault maps discovered:
D:1:      evilmike_arrival_crescent, layout_rooms, serial_shops,
          nicolae_square_shop, chequers_avenue
D:2:      minmay_wonky_spiral, layout_loops_ring, serial_shops, shop,
          minmay_close_crescents, uniq_jessica
D:3:      layout_basic, minitemple
D:4:      layout_basic, uniq_grinder
D:5:      layout_loops_ring, lemuel_doored_altar, minmay_temple_entry_fiery,
          uniq_sigmund
D:6:      layout_rooms, minmay_misc_feat_iff,
          serial_library_hellmonk_double_dead_end
D:7:      layout_rooms, mainiacjoe_overflow_paths, enter_bailey_4
D:8:      lemuel_ice_statue, layout_loops_ring, david_lair_shrubbed
D:9:      layout_grid_maze, yredelemnul_altar_generic
D:10:     layout_roguey [special_room_orc], general_overflow_altar,
          nicolae_vehumet_radiance, uniq_lodul, uniq_joseph
D:11:     layout_basic, serial_shops, nicolae_shop_window_shopping,
          nicolae_qazlal_style_of_elements, uniq_sonja, uniq_josephine,
          uniq_nergalle
D:12:     layout_cross, erik_orc_4, serial_co_window_serial,
          co_window_of_opportunity_a, co_window_paths_b, co_window_paths_a,
          co_window_corner_a, co_window_corner_a, co_window_paths_a,
          co_window_corner_b, co_window_corner_b, co_window_paths_c,
          co_window_unsneaky_path_d, co_window_broadway_b, co_window_corner_cb,
          glass_columns_a, glass_columns_a, glass_columns_c, glass_columns_a
D:13:     layout_grid_maze, hellmonk_vaults_attempted_burglary
D:14:     layout_basic, serial_park_tiny_1, hangedman_glass_teeth, uniq_agnes
D:15:     hangedman_depths_entry_civil_slaughter, layout_long_grid,
          serial_shops, shop
Lair:1:   layout_regular_city, maelrawn_ghost_gauntlet_escape,
          grunt_megastairs_4, uniq_amaemon
Lair:2:   layout_regular_city, minmay_shoals_entry_hut, dummy_snake_entry,
          ebering_ghost_disaster_area, minmay_lair_oklob_items,
          dreamdust_deal_with_the_devil, serial_bayou_shore_a,
          grunt_megastairs_1
Lair:3:   layout_regular_city, grunt_megastairs_3, infiniplex_staircase_pool_2
Lair:4:   layout_regular_city, kennysheep_snail_temple, lemuel_fruit_fields
Lair:5:   hellmonk_lair_end_abyssal_woods, layout_loops_ring,
          nicolae_slime_entry_slimehenge, portal_ice_cave_entry_ice_simulacra,
          chequers_serial_rivers_large_b, serial_bayou_ford_a
Shoals:1: layout_shoals, nicolae_shoals_sun_and_surf
Shoals:2: layout_shoals, st_cyclops
Shoals:3: layout_shoals, gammafunk_ghost_necromancy, serial_shops, shop,
          nicolae_shoals_spectral_cove
Shoals:4: shoals_end_hangedman, layout_shoals
Snake:1:  layout_layer_cave, nicolae_snake_salamander_zone
Snake:2:  layout_grid_maze
Snake:3:  layout_layer_cave, basic_altar, uniq_aizul
Snake:4:  grunt_snake_rune_serpentine_throne, layout_cave_town, uniq_roxanne
Slime:1:  cheibrodos_slime_lost_civilization_8, layout_caves
Slime:2:  layout_caves
Slime:3:  layout_caves, basic_altar, nicolae_slime_round_cave
Slime:4:  layout_caves
Slime:5:  slime_pit
Orc:1:    cheibrodos_orc_arena, layout_diamond_mine, serial_shops,
          nicolae_shop_trees, basic_altar, nicolae_volcano_entry_two_sided,
          minmay_orc_temple_c, uniq_harold, uniq_jorgrun, uniq_erica
Orc:2:    grunt_orc_community_town_hall, layout_caves,
          grunt_orc_community_big_house_2, grunt_orc_community_big_house_2,
          grunt_orc_community_house_3, grunt_orc_community_house_2,
          grunt_orc_community_house_2, grunt_orc_community_house_1,
          gammafunk_ghost_cemetery, special_room
Elf:1:    layout_geoelf_octagon, special_room [special_room_mythical_zoo],
          serial_aquarium, aquarium_bridge_straight [aquarium_subvault_bridge,
          aquarium_subvault_wall, aquarium_subvault_bridge,
          aquarium_subvault_balcony], aquarium_bridge_square
          [aquarium_subvault_wall, aquarium_subvault_bridge,
          aquarium_subvault_window, aquarium_subvault_wall],
          aquarium_window_double, aquarium_window_corner, aquarium_window_fake,
          aquarium_view_2d, aquarium_balcony_double_3, aquarium_pool_2,
          minmay_elf_annihilation, minmay_crystal_room, grunt_ministairs_9,
          drop_trap, hangedman_elf_targeted_burst, hangedman_elf_represent
Elf:2:    nicolae_elf_blades_splatter_lattice
          [nicolae_blade_entry_floor_patterns], layout_loops_cross
Elf:3:    minmay_elf_hall_spiked, layout_geoelf_diagonals, serial_shops, shop,
          minmay_shoptagon, uniq_bai_suzhen
Vaults:1: portal_desolation_entry_holy_temple, v_misc_10,
          hangedman_vaults_cutoff, vaults_room_large_hall,
          ontoclasm_vaults_tryst, vaults_room_octagon, v_alt_pattern_3,
          vaults_room_door_hall, nicolae_vaults_alarming, grunt_vaults_funnel,
          nicolae_vaults_diamond_1, nicolae_vaults_trapezoid_2,
          layout_vaults_omnicross
Vaults:2: nicolae_vaults_weapon_check, nicolae_vaults_closet_pinwheel_2,
          ontoclasm_vaults_ligature, vaults_dpeg_hooks,
          nicolae_vaults_trapezoid_lopsided_3, nicolae_vaults_halls_meeting,
          hangedman_vaults_stretched_pinwheel, nicolae_vaults_little_squares_1,
          nicolae_vaults_house_1, grunt_vaults_hallway_short,
          layout_vaults_chaotic_city, dummy_crypt_entry,
          nicolae_trove_entry_diagonal
Vaults:3: ontoclasm_vaults_gallery, serial_ice_h, vaults_mumra_minichess,
          nicolae_vaults_cornered_office, vaults_mumra_lcd,
          ontoclasm_vaults_chip, ontoclasm_vaults_chip, layout_vaults_omnigrid
Vaults:4: grunt_vaults_focal, nicolae_vaults_storage_room_water,
          vaults_room_fours, nicolae_vaults_thirteen_compartments,
          nicolae_vaults_hexular_roomagon, v_rooms_4,
          ontoclasm_vaults_decontamination, v_pattern_3,
          nicolae_vaults_diagonal_hallway_6, hangedman_vaults_cutoff, v_rooms_5,
          nicolae_vaults_hexular_roomagon, hangedman_vaults_impose,
          ontoclasm_vaults_loading_screen, nicolae_vaults_little_ls,
          nicolae_vaults_two_Ls, nicolae_vaults_ring_of_whatevers,
          layout_vaults_ring
Vaults:5: serial_shops
Crypt:1:  layout_gridlike, grunt_crypt_arrival_split
Crypt:2:  layout_rooms, nicolae_crypt_smalloseum
Crypt:3:  grunt_crypt_end_deaths_head
Depths:1: layout_gridlike, serial_shops, nicolae_shop_gibbet_a_chance,
          hell_entry, hangedman_decor_peaks_small, minmay_door_square,
          kennysheep_treasure_room
Depths:2: minmay_sliced_demisemicircle, layout_gridlike, enter_ziggurat_e,
          rand_demon_pan_entry_8, hell_entry, serial_shops, bzr_entry_dummy,
          serial_sigils, serial_sigils_hangedman_shear,
          serial_sigils_hangedman_gut, serial_sigils_hangedman_scratch,
          serial_sigils_hangedman_confine, nicolae_wu_jian_wuxing_cycle,
          infiniplex_staircase_zigzag_4, serial_bayou_shore_b,
          serial_bayou_shore_b, uniq_vv
Depths:3: minmay_the_grid_square_5x5_5x5 [minmay_the_grid_square_5x5_meh,
          minmay_the_grid_square_5x5_broken_cross,
          minmay_the_grid_square_5x5_seven,
          minmay_the_grid_square_5x5_two_small, minmay_the_grid_square_5x5_c,
          minmay_the_grid_square_5x5_almost_minimal,
          minmay_the_grid_square_5x5_prize_open, minmay_the_grid_square_5x5_tie,
          minmay_the_grid_square_5x5_prize_deathbox,
          minmay_the_grid_square_5x5_six,
          minmay_the_grid_square_5x5_three_walls,
          minmay_the_grid_square_5x5_beaten_path,
          minmay_the_grid_square_5x5_prize_itemx,
          minmay_the_grid_square_5x5_slash, minmay_the_grid_square_5x5_fat_x,
          minmay_the_grid_square_5x5_v,
          minmay_the_grid_square_5x5_prize_monsterx,
          minmay_the_grid_square_5x5_hollow_slash,
          minmay_the_grid_square_5x5_prize_snowflake,
          minmay_the_grid_square_5x5_intrusive_squares,
          minmay_the_grid_square_5x5_spiral, minmay_the_grid_square_5x5_eight,
          minmay_the_grid_square_5x5_mess,
          minmay_the_grid_square_5x5_doubleslash,
          minmay_the_grid_square_5x5_spiral_small], layout_basic, hell_entry,
          grunt_dithmenos_smoke, abyss_entry_crystal, grunt_ministairs_5,
          nicolae_uskayaw_murder_on_the_dancefloor, uniq_mara
Depths:4: grunt_zot_entry_funnels, layout_twisted_cross, abyss_entry,
          hangedman_decor_points, grunt_mini_vestibule, serial_bayou_shore_b
Hell
Zot:1:    layout_basic, regret_index_zotdec_glowing_original, grunt_megastairs_5
Zot:2:    layout_misc_corridors, nicolae_transporter_intersection
Zot:3:    minmay_elemental_castle, layout_misc_corridors,
          hangedman_zot_decor_slant
Zot:4:    layout_gridlike, st_grand_hoard_of_tiamat
Zot:5:    layout_misc_corridors, grunt_megastairs_2

Skill      XL: |  1  2  3  4  5  6  7  8  9 10 11 12 13 14 15 16 17 18 19 20 21 22 23 24 25 26 27 |
---------------+----------------------------------------------------------------------------------+-----
Fighting       | 3 4 5 6 7 8 9 10 11 14 16 17 19 20 22 24 26 27 | 27.0
Shields        | 1 2 3 4 5 8 11 13 15 18 22 | 22.0
Armour         | 1 4 7 9 10 11 20 | 20.0
Evocations     | 1 3 5 6 7 9 10 12 13 14 16 18 | 18.6
Long Blades    | 2 |  2.3
Maces & Flails | 5 7 9 12 14 16 20 | 20.0
Dodging        | 4 6 8 12 15 | 15.5
Polearms       | 5 14 | 14.0

Action                     |  1- 3 |  4- 6 |  7- 9 | 10-12 | 13-15 | 16-18 | 19-21 | 22-24 | 25-27 || total
---------------------------+-------+-------+-------+-------+-------+-------+-------+-------+-------++-------
  Melee: Mace              |    28 |       |       |       |       |       |       |       |       ||    28
         Tailslap          |    10 |    31 |    70 |   116 |   292 |   294 |   634 |   696 |   589 ||  2732
         Short sword       |    43 |   167 |    80 |       |       |       |       |       |       ||   290
         Flail             |       |       |   390 |   406 |       |       |       |       |       ||   796
         Long sword        |       |       |       |    65 |       |       |       |       |       ||    65
         Glaive            |       |       |       |   268 |   631 |       |       |       |       ||   899
         Morningstar       |       |       |       |       |   982 |  1630 |  2554 |  2157 |  1353 ||  8676
         Punch             |       |       |       |       |     5 |       |       |       |       ||     5
         Trident           |       |       |       |       |       |       |    19 |       |       ||    19
         Headbutt          |       |       |       |       |       |       |       |   288 |   739 ||  1027
         Great mace        |       |       |       |       |       |       |       |   436 |       ||   436
         Demon trident     |       |       |       |       |       |       |       |       |   904 ||   904
 Invoke: Potion Petition   |       |       |       |     2 |     1 |     2 |       |     1 |       ||     6
         Call Merchant     |       |       |       |       |     3 |     1 |     1 |     4 |     1 ||    10
         Bribe Branch      |       |       |       |       |       |       |       |       |     1 ||     1
Ability: Evoke Blink       |       |       |       |     1 |       |       |       |       |       ||     1
  Evoke: Wand              |       |       |     4 |    24 |    45 |    28 |    12 |     3 |    12 ||   128
         Condenser vane    |       |       |       |       |       |       |     2 |     3 |     2 ||     7
         Sack of spiders   |       |       |       |       |       |       |     1 |     1 |     1 ||     3
         Phantom mirror    |       |       |       |       |       |       |       |     1 |     1 ||     2
    Use: Scroll            |       |     8 |     7 |    11 |    16 |    17 |     9 |     6 |    22 ||    96
         Potion            |       |       |     3 |     6 |     4 |     9 |     5 |     9 |    18 ||    54
   Stab: Distracted        |       |       |     1 |     1 |     9 |    13 |    19 |    15 |    28 ||    86
         Petrified         |       |       |       |       |    10 |    11 |       |       |       ||    21
         Paralysed         |       |       |       |       |     7 |       |       |       |       ||     7
         Invisible         |       |       |       |       |     1 |       |     1 |     3 |     7 ||    12
         Petrifying        |       |       |       |       |       |     2 |       |       |       ||     2
         Sleeping          |       |       |       |       |       |       |     9 |    13 |       ||    22
 Armour: Robe              |    19 |       |       |       |       |       |       |       |       ||    19
         Ring mail         |    22 |    45 |       |       |       |       |       |       |       ||    67
         Plate armour      |       |    64 |   492 |   892 |  2077 |   990 |   267 |       |  1182 ||  5964
         Shadow dragon sca |       |       |       |       |       |       |   810 |  1497 |    76 ||  2383
  Dodge: Dodged            |    32 |    43 |    99 |   374 |   974 |   198 |   289 |   491 |   523 ||  3023
  Block: Buckler           |    11 |    40 |   135 |       |       |       |       |       |       ||   186
         Kite shield       |       |       |     6 |   374 |   332 |       |       |       |       ||   712
         Tower shield      |       |       |       |       |   264 |  1871 |  3479 |  2485 |  3085 || 11184
         Reflection        |       |       |       |       |    31 |   134 |   185 |    51 |    55 ||   456
         Form:             |       |       |       |     1 |       |       |       |       |       ||     1
         Beast             |       |       |       |     1 |       |       |       |       |       ||     1
